 Dungeon Crawl Stone Soup version 0.32-a0-290-g598725c5f2 (webtiles) character file.

Game seed: 13316195668330558

381 Dittersdorf the Shield-Bearer (level 6, -4/40 HPs)
             Began as a Gargoyle Fighter on Feb 13, 2024.
             Slain by an orc priest
             ... wielding a +0 trident
              (6 damage)
             ... on level 3 of the Dungeon.
             The game lasted 00:02:08 (1906 turns).

Dittersdorf the Shield-Bearer (Gargoyle Fighter)    Turns: 1906, Time: 00:02:09

Health: -4/40      AC: 14    Str: 22    XL:     6   Next: 75%
Magic:  6/6        EV:  9    Int:  8    God:
Gold:   137        SH:  4    Dex:  9    Spells: 5/5 levels left

rFire   . . .        a - +0 flail
rCold   . . .        c - +0 buckler
rNeg    + . .        b - +0 scale mail
rPois   ∞            l - +0 helmet
rElec   +            (no cloak)
rCorr   .            n - +0 pair of gloves
SInv    .            (no boots)
Will    .....        (no amulet) Stlth
                     (no ring)
HPRegen 0.26/turn    (no ring)
MPRegen 0.10/turn

%: no passive effects
@: no status effects
A: sickness immunity, AC +4, negative energy resistance 1, electricity
resistance, torment resistance 1, petrification resistance
a: Convert to Beogh


You were on level 3 of the Dungeon.
You visited 1 branch of the dungeon, and saw 3 of its levels.

You collected 137 gold pieces.

Inventory:

Hand Weapons
 a - a +0 flail (weapon)
Armour
 b - a +0 scale mail (worn)
 c - a +0 buckler (worn)
 l - a +0 helmet (worn)
 n - a +0 pair of gloves (worn)
Jewellery
 p - a ring of wizardry
Scrolls
 e - a scroll of silence {unknown}
 f - a scroll of amnesia {unknown}
 g - 4 scrolls of teleportation {unknown}
 s - 2 scrolls of identify {unknown}
Potions
 d - a potion of might
 h - a potion of haste {unknown}
 i - a potion of heal wounds {unknown}
 j - a potion of enlightenment {unknown}
 k - a potion of attraction {unknown}
 m - a potion of curing {unknown}
 o - 3 potions of lignification {unknown}
 q - a potion of brilliance {unknown}
 r - a potion of berserk rage {unknown}


   Skills:
 + Level 4.9 Fighting
 + Level 3.8 Maces & Flails
 + Level 4.8 Armour
 + Level 5.0 Shields


You had 5 spell levels left.
You didn't know any spells.
Your spell library contained the following spells:

 Spells                   Type           Power      Damage    Failure   Level
 Inner Flame              Hex/Fire       0%         N/A       98%         3
 Volatile Blastmotes      Fire/Tloc      0%         2d10      98%         3
 Fulminant Prism          Conj/Alch      0%         3d5       100%        4
 Iskenderun's Mystic Bla  Conj/Tloc      0%         2d3       100%        4
 Irradiate                Conj/Alch      0%         3d11      100%        5
 Conjure Ball Lightning   Conj/Air       0%         3x3d6     100%        6
 Discord                  Hex            0%         N/A       100%        8
 Disjunction              Tloc           0%         N/A       100%        8
 Ignition                 Fire           0%         3d3       100%        8


Dungeon Overview and Level Annotations

Branches:
Dungeon (3/15)

Altars:
Xom

Annotations:
D:1 1 transporter


Innate Abilities, Weirdness & Mutations

You are immune to sickness and miasma.
Your stone body is resilient. (AC +4)
You are immune to poison.
You resist negative energy. (rN+)
You are resistant to electric shocks. (rElec)
You are resistant to unholy torment.
You are immune to petrification.


Message History

You hit the hobgoblin.
The hobgoblin is severely wounded.
You block the hobgoblin's attack. The orc priest misses you.
The orc closely misses you.
You hit the hobgoblin.
You kill the hobgoblin!
The goblin hits you but does no damage.
The orc priest looks encouraged for a moment.
The orc barely misses you.
You completely miss the goblin. The goblin barely misses you.
You block the orc's attack.
The orc priest casts a cantrip, but nothing happens.
The orc hits you with a +0 morningstar! You block the orc's attack.
The orc priest looks encouraged for a moment.
The orc closely misses you. The goblin hits you with a +0 club.
You hit the goblin.
You kill the goblin!
The orc barely misses you. The orc hits you but does no damage.
The orc priest hits you from afar with a +0 trident.
The orc priest shouts, "Beogh offers mercy even to people such as you.
Join us and be reborn!" (press Y on the ability menu to convert to Beogh)
Your Shields skill increases to level 5!
You barely miss the orc. The orc barely misses you.
The orc hits you but does no damage.
The orc priest invokes the aid of Beogh against you.
Beogh smites you!
* * * LOW HITPOINT WARNING * * *
You are too injured to fight recklessly!
The orc attacks as it pursues you! The orc hits you with a +0 morningstar.
* * * LOW HITPOINT WARNING * * *
The orc hits you but does no damage.
The orc priest hits you from afar with a +0 trident.
* * * LOW HITPOINT WARNING * * *
The orc attacks as it pursues you! The orc hits you but does no damage.
The orc priest looks encouraged for a moment.
The orc hits you with a +0 club.
* * * LOW HITPOINT WARNING * * *
There is an escape hatch in the ceiling here.
The orc priest hits you from afar with a +0 trident.
You die...

#.............
#...............#.....
#..............#......
#..).......#..##.#....
#.....................
####...........## .......
###..)..†....o....##..... ...
##...##..........#.....# ...
...####........o@##.r#.##.# .. #
..%.# #........o.##.S.....# #. .
....#
##.[...######o##.....###.##
....# #.....###........##.......
#..#####.....##..o......# #..
##.#.........#........[.#### #..
#.......##...o#............###..
##......##.S###........##.......
##.........###..>.....###....#.


You could see an orc priest and 2 orcs.

Vanquished Creatures
  Sigmund (D:2)
  An orc wizard (D:3)
  Robin (D:2)
  A gnoll (D:1)
  3 adders
  A ribbon worm (D:2)
  11 orcs (D:3)
  6 bats
  6 endoplasms
  A giant cockroach (D:2)
  16 goblins
  8 hobgoblins
  3 jackals (D:1)
  6 quokkas
  4 ball pythons
  6 frilled lizards
  6 kobolds
  3 rats
84 creatures vanquished.

Notes
Turn   | Place    | Note
-------+----------+-------------------------------------------
     0 | D:1      | Dittersdorf the Gargoyle Fighter began the quest for the
                  | Orb.
     0 | D:1      | Reached XP level 1. HP: 14/14 MP: 1/1
    48 | D:1      | Reached XP level 2. HP: 14/19 MP: 2/2
   170 | D:1      | Reached XP level 3. HP: 18/23 MP: 3/3
   442 | D:1      | Reached XP level 4. HP: 21/29 MP: 4/4
   701 | D:2      | Noticed Robin
   708 | D:2      | Reached skill level 4 in Shields
   830 | D:2      | Killed Robin
   878 | D:2      | Found a shimmering altar of Xom.
   905 | D:2      | Noticed Sigmund
   923 | D:2      | Killed Sigmund
   924 | D:2      | Reached XP level 5. HP: 23/34 MP: 5/5
   924 | D:2      | Reached XP level 6. HP: 26/39 MP: 6/6
  1899 | D:3      | Reached skill level 5 in Shields
  1900 | D:3      | HP: 1/40 [orc priest/+0 trident (6)]
  1906 | D:3      | Slain by an orc priest

Illustrated notes

Levels and vault maps discovered:
D:1:      spicycebolla_arrival_risky_transporter, layout_rooms
D:2:      layout_basic, basic_altar, minmay_split_cup_small, uniq_robin,
          uniq_sigmund
D:3:      layout_rooms, gammafunk_ghost_smash

Skill      XL: |  1  2  3  4  5  6 |
---------------+-------------------+-----
Shields        | 4 5 |  5.0
Fighting       | 4 |  4.9
Armour         | 4 |  4.8
Maces & Flails | 3 |  3.8

Action                     |  1- 3 |  4- 6 || total
---------------------------+-------+-------++-------
  Melee: Flail             |    96 |   191 ||   287
 Armour: Scale mail        |    86 |   146 ||   232
  Dodge: Dodged            |    69 |   110 ||   179
  Block: Buckler           |    25 |    54 ||    79

Table legend: (Time is in decaauts)
 A = Elapsed time spent in this place.
 B = Non-inter-level travel time spent in this place.
 C = Inter-level travel time spent in this place.
 D = Time resting spent in this place.
 E = Time spent auto-exploring this place.
 F = Levels seen in this place.
 G = Mean time per level.
                   A        B        C        D        E       F      G
               +--------+--------+--------+--------+--------+-----+--------+
         Total |   1987 |   1938 |     49 |    216 |   1135 |   3 |  662.3 |
       Dungeon |   1987 |   1938 |     49 |    216 |   1135 |   3 |  662.3 |
               +--------+--------+--------+--------+--------+-----+--------+

Top non-repeatable levels by time:
     D:1: 829 daAuts
     D:2: 794 daAuts
     D:3: 364 daAuts
